 Dungeon Crawl Stone Soup version 0.26.1-11-gd32895ea62 (webtiles) character file.

Game seed: 11451210391239453569

1391 woolyfrog the Carver (level 8, -6/62 (64) HPs)
             Began as a Minotaur Monk on May 3, 2021.
             Mangled by a wight
             ... wielding a cursed +3 battleaxe
              (13 damage)
             ... on level 5 of the Dungeon.
             The game lasted 00:12:14 (5673 turns).

woolyfrog the Carver (Minotaur Monk)                Turns: 5673, Time: 00:12:15

HP:   -6/62 (64)    AC:  9    Str: 17    XL:     8   Next: 40%
MP:   7/7           EV: 16    Int:  7    God:
Gold: 216           SH:  0    Dex: 16    Spells: 7/7 levels left

rFire    + . .     SeeInvis .   l - +1 mace of Spite {flame, rPois Will+} (curse)
rCold    . . .     Faith    .   (no shield)
rNeg     . . .     Spirit   .   j - +2 ring mail {Will+}
rPois    +         Reflect  .   (helmet restricted)
rElec    .         Harm     .   f - +0 cloak
rCorr    .         Rampage  .   (no gloves)
Will     ++...                  m - +0 pair of boots
Stlth    +.........             (no amulet)
HPRegen  0.20/turn              c - ring of flight
MPRegen  0.10/turn              g - +4 ring of evasion

@: about to teleport, lightly drained
A: retaliatory headbutt, horns 2, agile 1, fire resistance 1, poison resistance,
evolution 1
a: Evoke Flight


You were on level 5 of the Dungeon.
You visited 1 branch of the dungeon, and saw 6 of its levels.

You collected 216 gold pieces.

Inventory:

Hand Weapons
 a - a +0 falchion
 l - the cursed +1 mace of Spite (weapon) {flame, rPois Will+}
   (You found it on level 4 of the Dungeon)

   It has been specially enchanted to burn those struck by it, causing extra
   injury to most foes and up to half again as much damage against particularly
   susceptible opponents.
   It protects you from poison.
   It affects your willpower, your defense against some magical effects.
   It has a curse placed upon it.
Armour
 f - a +0 cloak (worn)
 j - a +2 ring mail of willpower (worn)
 m - a +0 pair of boots (worn)
Jewellery
 c - a ring of flight (left hand)
 g - a +4 ring of evasion (right hand)
Wands
 h - a wand of digging (4)
Scrolls
 e - 4 scrolls of identify
 i - a scroll of teleportation
 o - a scroll of fog
Potions
 b - a potion of magic
 d - 2 potions of brilliance
 n - a potion of cancellation


   Skills:
 - Level 3.6 Fighting
 + Level 12.5 Long Blades
 - Level 3.2 Dodging
 - Level 1.5 Stealth


You had 7 spell levels left.
You didn't know any spells.
Your spell library was empty.

Dungeon Overview and Level Annotations

Branches:
Dungeon (6/15)
 Temple: D:4-7

Altars:
Makhleb
Zin

Shops:
D:5 =


Innate Abilities, Weirdness & Mutations

You reflexively headbutt those who attack you in melee.
You have a pair of horns on your head.
You are agile. (Dex +2)
Your flesh is heat resistant. (rF+)
Your system is resistant to poisons. (rPois)
You evolve.


Message History

The wight hits you with a cursed +3 battleaxe.
The wight hits you with a cursed +5 falchion.
* * * LOW HITPOINT WARNING * * *
You feel drained.
* * * LOW HITPOINT WARNING * * *
You hit the wight but do no damage. Your headbutt misses the wight.
The wight is severely damaged.
The wight misses you. The wight barely misses you. You furiously retaliate!
You headbutt the wight, but do no damage.
You closely miss the wight.
The wight is severely damaged.
The wight completely misses you. You furiously retaliate!
You headbutt the wight!
You destroy the wight!
The wight hits you with a cursed +3 battleaxe!
* * * LOW HITPOINT WARNING * * *
As you read the scroll of teleportation, it crumbles to dust.
You feel strangely unstable.
The wight hits you with a cursed +3 battleaxe!
You die...

.#.#.##########..###.)....#.#####
.#.#.............# ###...........
.#.######...####.## #.##.#.####.
.....)......###.#.####.##.#.# #.
...............###.....##.#.# #.
#..#####...####.#.#######∩#.# #.
#.## ###.# ##.########.#.# #. #.#
#.#####z..<........# #. #.#
#......@.........######.
#<##############)#####...........
#.....(..#######.# #....#######
########.........# ##...# ...#
########### #...# ##.# #...# #.#
#...# #.# #...#### #.# #......###


You could see a wight.

Vanquished Creatures
  Grinder (D:4)
  Menkaure (D:4)
  2 phantoms (D:4)
  A bullfrog (D:5)
  Blork the orc (D:6)
  2 wights
  4 hounds
  An orc wizard (D:3)
  A jelly (D:5)
  An orc priest (D:4)
  Jessica (D:2)
  2 iguanas
  Ijyb (D:4)
  Terence (D:2)
  6 worker ants
  Robin (D:2)
  7 adders
  A white imp (D:5)
  4 worms
  3 dart slugs
  4 leopard geckos
  12 orcs
  4 bats
  A giant cockroach (D:3)
  10 goblins
  12 hobgoblins
  8 jackals
  3 kobolds
  2 quokkas
  5 frilled lizards
  A leopard gecko skeleton (D:5)
  A quokka skeleton (D:4)
  9 rats
114 creatures vanquished.

Notes
Turn   | Place    | Note
-------+----------+-------------------------------------------
     0 | D:1      | woolyfrog the Minotaur Monk began the quest for the Orb.
     0 | D:1      | Reached XP level 1. HP: 19/19 MP: 0/0
   245 | D:1      | Reached skill level 4 in Long Blades
   485 | D:1      | Reached XP level 2. HP: 26/26 MP: 1/1
   983 | D:2      | Noticed Jessica
   987 | D:2      | Gained mutation: Scrolls take you a little longer to read.
                  | [potion of mutation]
   987 | D:2      | Gained mutation: Your magical capacity is low. (-10% MP)
                  | [potion of mutation]
   987 | D:2      | Gained mutation: You have large cloven feet. [potion of
                  | mutation]
   990 | D:2      | HP: 1/26 [Jessica/+0 club (7)]
   992 | D:2      | Lost mutation: Your magical capacity is low. (-10% MP)
                  | [potion of mutation]
   992 | D:2      | Lost mutation: Scrolls take you a little longer to read.
                  | [potion of mutation]
   992 | D:2      | Gained mutation: You evolve. [potion of mutation]
   992 | D:2      | Gained mutation: You are agile. (Dex +2) [potion of
                  | mutation]
   992 | D:2      | Gained mutation: Your mind is acute. (Int +2) [potion of
                  | mutation]
   993 | D:2      | Killed Jessica
   994 | D:2      | Reached skill level 5 in Long Blades
   994 | D:2      | Reached XP level 3. HP: 8/31 MP: 0/2
  1045 | D:2      | Gained mutation: Your system is resistant to poisons.
                  | (rPois) [evolution]
  1238 | D:2      | Noticed Robin
  1489 | D:2      | Reached skill level 6 in Long Blades
  1489 | D:2      | Reached XP level 4. HP: 39/39 MP: 3/3
  1651 | D:2      | Noticed Terence
  1669 | D:2      | Killed Terence
  1922 | D:2      | Lost mutation: Your mind is acute. (Int +2) [potion of
                  | mutation]
  1922 | D:2      | Lost mutation: You evolve. [potion of mutation]
  1922 | D:2      | Lost mutation: You have large cloven feet. [potion of
                  | mutation]
  1922 | D:2      | Gained mutation: Scrolls take you a little longer to read.
                  | [potion of mutation]
  1922 | D:2      | Gained mutation: You evolve. [potion of mutation]
  1922 | D:2      | Gained mutation: Your flesh is heat resistant. (rF+)
                  | [potion of mutation]
  2092 | D:2      | Killed Robin
  2198 | D:3      | Lost mutation: Scrolls take you a little longer to read.
                  | [evolution]
  2204 | D:3      | Reached skill level 7 in Long Blades
  2204 | D:3      | Reached XP level 5. HP: 42/45 MP: 4/4
  3391 | D:4      | Reached skill level 8 in Long Blades
  3443 | D:4      | Reached XP level 6. HP: 45/51 MP: 5/5
  3574 | D:4      | Reached skill level 9 in Long Blades
  3962 | D:4      | Reached XP level 7. HP: 42/57 MP: 6/6
  4112 | D:4      | Noticed Grinder
  4112 | D:4      | Paralysed by Grinder for 6 turns
  4133 | D:4      | Killed Grinder
  4134 | D:4      | Reached skill level 10 in Long Blades
  4463 | D:4      | Noticed Ijyb
  4473 | D:4      | Killed Ijyb
  4474 | D:4      | Reached skill level 11 in Long Blades
  4546 | D:4      | Noticed Menkaure
  4550 | D:4      | Killed Menkaure
  4571 | D:4      | Got a warped mace
  4572 | D:4      | Identified the cursed +1 mace of Spite {flame, rPois Will+}
                  | (You found it on level 4 of the Dungeon)
  4814 | D:5      | Entered Level 5 of the Dungeon
  4819 | D:5      | Found Xuomianeo's Jewellery Shoppe.
  4853 | D:5      | Reached XP level 8. HP: 49/64 MP: 7/7
  4978 | D:5      | Found a glowing silver altar of Zin.
  5172 | D:5      | Found a burning altar of Makhleb.
  5266 | D:5      | Reached skill level 12 in Long Blades
  5562 | D:6      | Noticed Blork the orc
  5571 | D:6      | Killed Blork the orc
  5673 | D:5      | Mangled by a wight

Illustrated notes

Levels and vault maps discovered:
D:1:      mainiacjoe_arrival_reflecting_pool, layout_basic
D:2:      minmay_diamond_boxcup, layout_rooms, uniq_terence, uniq_robin,
          uniq_jessica
D:3:      layout_loops_corners, grunt_ministairs_1
D:4:      layout_loops_ring, chequers_decorated_corner, uniq_ijyb, uniq_grinder,
          uniq_menkaure
D:5:      layout_loops_ring, makhleb_heckhound_becter, basic_altar,
          serial_shops, shop
D:6:      layout_loops_cross, minmay_temple_entry_glassed_door,
          grunt_decor_junction, hangedman_decor_growths, uniq_blork_the_orc

Skill      XL: |  1  2  3  4  5  6  7  8 |
---------------+-------------------------+-----
Long Blades    | 4 5 6 7 8 9 11 12 | 12.5
Fighting       | |  3.6
Dodging        | |  3.2
Stealth        | |  1.5

Action                   |  1- 3 |  4- 6 |  7- 9 || total
-------------------------+-------+-------+-------++-------
Melee: Falchion          |    52 |   186 |    46 ||   284
       Headbutt          |     5 |    38 |    29 ||    72
       Kick              |     9 |    10 |       ||    19
       Mace              |       |       |    62 ||    62
  Use: Scroll            |     3 |     8 |     3 ||    14
       Potion            |     5 |     3 |     2 ||    10
 Stab: Distracted        |     1 |       |       ||     1
       Sleeping          |     1 |       |       ||     1
Armor: Robe              |     8 |       |       ||     8
       Scale mail        |       |    46 |     4 ||    50
       Skin              |       |     2 |       ||     2
       Ring mail         |       |       |    17 ||    17
Dodge: Dodged            |    34 |   107 |    89 ||   230
       Rpst.: Falchion   |    10 |    31 |     5 ||    46
